 Dungeon Crawl Stone Soup version 0.26-a0-651-gb41185065b (webtiles) character file.

Game seed: 16603822887376613226

81 Sancrist the Digger (level 4, 0/33 HPs)
             Began as a Draconian Earth Elementalist on Oct 21, 2020.
             Slain by a ball python (1 damage)
             ... on level 3 of the Dungeon.
             The game lasted 00:18:18 (961 turns).

Sancrist the Digger (Draconian Earth Elementalist)   Turns: 961, Time: 00:18:19

Health: 0/33       AC:  5    Str: 10    XL:     4   Next: 19%
Magic:  0/8        EV:  9    Int: 17    God:
Gold:   70         SH:  0    Dex: 11    Spells: 7/8 levels left

rFire    . . .     SeeInvis .   j - +0 spear
rCold    . . .     Faith    .   (no shield)
rNeg     . . .     Spirit   .   (armour unavailable)
rPois    .         Reflect  .   (helmet restricted)
rElec    .         Harm     .   (no cloak)
rCorr    .         Rampage  .   (no gloves)
MR       .....                  (no boots)
Stlth    ++........             (no amulet)
HPRegen  0.11/turn              (no ring)
MPRegen  0.11/turn              (no ring)

@: constricted
A: unfitting armour, cold-blooded, AC +5
a: no special abilities


You were on level 3 of the Dungeon.
You visited 1 branch of the dungeon, and saw 3 of its levels.

You collected 70 gold pieces.

Inventory:

Hand Weapons
 f - a +0 club
 i - a +0 mace
 j - a +0 spear (weapon)
Missiles
 b - 128 stones (quivered)
Armour
 c - a +0 leather armour
 d - a +0 robe
 e - a +0 chain mail
 m - a +0 helmet
Scrolls
 g - 3 scrolls of identify {unknown}
 h - a scroll of remove curse {unknown}
 l - a scroll of teleportation {unknown}
Potions
 a - 2 potions of curing {unknown}
 k - a potion of resistance {unknown}


   Skills:
 + Level 0.1 Fighting
 + Level 0.1 Polearms
 + Level 2.1 Dodging
 + Level 2.1 Stealth
 + Level 0.4 Unarmed Combat
 + Level 2.8 Spellcasting
   Level 1.0 Transmutations
 + Level 4.0 Earth Magic


You had 7 spell levels left.
You knew the following spells:

 Your Spells              Type           Power        Failure   Level
a - Sandblast             Erth           ###...       3%          1

Your spell library contained the following spells:

 Spells                   Type           Power        Failure   Level
 Passwall                 Tmut/Erth      ##......     10%         2
 Stone Arrow              Conj/Erth      #.....       24%         3
 Petrify                  Tmut/Erth      ##......     54%         4
 Lee's Rapid Deconstruct  Erth           ###.......   67%         5


Dungeon Overview and Level Annotations

Branches:
Dungeon (3/15)

Altars:
Ashenzari
Cheibriados
Gozag
Kikubaaqudgha
Uskayaw
Wu Jian
Xom
The Shining One


Innate Abilities, Weirdness & Mutations

Your plain brown scales are hard. (AC +5)
You cannot fit into any form of body armour.
You are cold-blooded and may be slowed by cold attacks.


Message History

The ball python constricts you. Robin barely misses you.
The ball python bites you but does no damage.
The ball python constricts you.
You hit the ball python.
The ball python is severely wounded.
Robin hits you with a +0 whip.
* * * LOW HITPOINT WARNING * * *
The ball python bites you but does no damage.
The ball python constricts you.
Casting: Sandblast (safe; 3% risk of failure)
Confirm with . or Enter, or press ? or * to list all spells.
Aiming: Sandblast (safe; 3% risk of failure)
Press: ? - help, Shift-Dir - straight line, f/p - Robin
Aim: Robin, wielding a +0 whip, wearing a +0 animal skin and wearing a +0 helmet (almost dead)
The blast of sand hits Robin!
You kill Robin!
Your Earth Magic skill increases to level 4!
b - 128 stones The ball python bites you but does no damage.
You die...

#...# #.!.#
.#
###†#.#...#
#..)......#
#.#.###...#
#.#.# ...#
. #g# ..#
## #)# ##
#@# #S# #..
##.. .$.
.... ....#
....#


You could see a hobgoblin (strong) and a ball python.

Vanquished Creatures
  Robin (D:3)
  2 adders
  2 oozes
  A worm (D:2)
  3 leopard geckos
  A giant cockroach (D:1)
  12 goblins
  8 hobgoblins
  A bat (D:2)
  2 kobolds (D:1)
  2 rats
35 creatures vanquished.

Notes
Turn   | Place    | Note
-------+----------+-------------------------------------------
     0 | D:1      | Sancrist the Draconian Earth Elementalist began the quest
                  | for the Orb.
     0 | D:1      | Reached XP level 1. HP: 14/14 MP: 3/3
   179 | D:1      | Reached XP level 2. HP: 20/20 MP: 1/5
   598 | D:2      | Found an ancient bone altar of Kikubaaqudgha.
   665 | D:2      | Reached XP level 3. HP: 22/26 MP: 0/6
   678 | D:2      | Found an ornate altar of the Wu Jian Council.
   681 | D:2      | Found a hide-covered altar of Uskayaw.
   684 | D:2      | Found an opulent altar of Gozag.
   704 | D:2      | Found a broken altar of Ashenzari.
   704 | D:2      | Found a snail-covered altar of Cheibriados.
   705 | D:2      | Found a glowing golden altar of the Shining One.
   705 | D:2      | Found a shimmering altar of Xom.
   922 | D:3      | Noticed Robin
   941 | D:3      | Reached XP level 4. HP: 11/33 MP: 1/8
   960 | D:3      | HP: 1/33 [Robin/+0 whip (3)]
   961 | D:3      | Killed Robin
   961 | D:3      | Reached skill level 4 in Earth Magic
   961 | D:3      | Slain by a ball python

Illustrated notes

Levels and vault maps discovered:
D:1:      dpeg_arrival_shelter, layout_rooms
D:2:      layout_loops_cross, grunt_temple_overflow_open,
          overflow_temple_1_default, lemuel_round_altar
D:3:      layout_rooms, led_sif_book, palyth_stone_intersect,
          fedhas_altar_fruit_tree, uniq_ijyb, uniq_robin

Skill      XL: |  1  2  3  4 |
---------------+-------------+-----
Dodging        | 2 |  2.1
Stealth        | 2 |  2.1
Earth Magic    | 4 |  4.0
Fighting       | |  0.1
Polearms       | |  0.1
Unarmed Combat | |  0.4
Spellcasting   | |  2.8
Transmutations | |  1.0

Action                   |  1- 3 |  4- 6 || total
-------------------------+-------+-------++-------
Melee: Unarmed           |    16 |       ||    16
       Tailslap          |     4 |       ||     4
       Spear             |    44 |    10 ||    54
 Cast: Sandblast         |    33 |     2 ||    35
 Stab: Sleeping          |     1 |       ||     1
Armor: Skin              |    12 |     4 ||    16
Dodge: Dodged            |    54 |    12 ||    66

Table legend: (Time is in decaauts)
 A = Elapsed time spent in this place.
 B = Non-inter-level travel time spent in this place.
 C = Inter-level travel time spent in this place.
 D = Time resting spent in this place.
 E = Time spent auto-exploring this place.
 F = Levels seen in this place.
 G = Mean time per level.
                   A        B        C        D        E       F      G
               +--------+--------+--------+--------+--------+-----+--------+
         Total |    964 |    945 |     19 |      0 |      0 |   3 |  321.3 |
       Dungeon |    964 |    945 |     19 |      0 |      0 |   3 |  321.3 |
               +--------+--------+--------+--------+--------+-----+--------+

Top non-repeatable levels by time:
     D:1: 532 daAuts
     D:2: 378 daAuts
     D:3: 53 daAuts
